 Dungeon Crawl Stone Soup version 0.31-a0-263-ge8cad7f256 (webtiles) character file.

Game seed: 16843262662481053557

234 qw the Shooter (level 5, 0/46 HPs)
             Began as a Minotaur Hexslinger on July 13, 2023.
             Slain by Edmund
             ... wielding a +4 flail of protection
              (7 damage)
             ... on level 4 of the Dungeon.
             The game lasted 00:00:53 (2294 turns).

qw the Shooter (Minotaur Hexslinger)                Turns: 2294, Time: 00:00:53

Health: 0/46       AC:  6    Str: 12    XL:     5   Next: 75%
Magic:  5/5        EV: 11    Int: 10    God:
Gold:   91         SH:  0    Dex: 19    Spells: 5/6 levels left

rFire   . . .        d - +3 shortbow of the Writhing Saviour {drain, Dex+4 SInv}
rCold   . . .        (shield currently unavailable)
rNeg    . . .        k - +0 ring mail
rPois   .            (helmet restricted)
rElec   .            g - +0 cloak
rCorr   .            (no gloves)
SInv    +            (no boots)
Will    .....        (no amulet)
Stlth   +            (no ring)
HPRegen 0.27/turn    (no ring)
MPRegen 0.09/turn

%: no passive effects
@: no status effects
A: horns 2, retaliatory headbutt
a: no special abilities


You were on level 4 of the Dungeon.
You visited 1 branch of the dungeon, and saw 4 of its levels.

You collected 243 gold pieces.
You spent 152 gold pieces at shops.


Innate Abilities, Weirdness & Mutations

You have a pair of horns on your head.
You reflexively headbutt those who attack you in melee.


   Skills:
 - Level 4.1 Fighting
 + Level 5.3 Ranged Weapons
 - Level 1.1 Armour
 - Level 2.1 Dodging
 - Level 1.0 Spellcasting
 - Level 2.0 Hexes


You had 5 spell levels left.
You knew the following spells:

 Your Spells              Type           Power      Damage    Failure   Level
a - Slow                  Hex            16%        N/A       34%         1

Your spell library contained the following spells:

 Spells                   Type           Power      Damage    Failure   Level
 Inner Flame              Hex/Fire       2%         N/A       83%         3
 Portal Projectile        Hex/Tloc       4%         N/A       83%         3
 Cause Fear               Hex            2%         N/A       98%         4

Inventory:

Hand Weapons
 d - the +3 shortbow of the Writhing Saviour (weapon) {drain, Dex+4 SInv}
   (You bought it in a shop on level 3 of the Dungeon)

   Dex:       It affects your dexterity (+4).
   SInv:      It lets you see invisible.
Armour
 g - a +0 cloak (worn)
 k - a +0 ring mail (worn)
Jewellery
 e - a ring of fire
Scrolls
 b - a scroll of identify
Potions
 a - a potion of attraction {unknown}
 f - a potion of curing
 h - a potion of might {unknown}
 i - a potion of cancellation {unknown}
 l - a potion of magic {unknown}

Dungeon Overview and Level Annotations

Branches:
Dungeon (4/15)
 Temple: D:4-7

Altars:
Cheibriados

Shops:
D:3 (

Annotations:
D:4 Edmund


Message History

The arrow hits Edmund but does no damage.
You drain Edmund.
Edmund is moderately wounded.
Edmund hits you with a +4 flail of protection!
You shoot an arrow.
The arrow hits Edmund but does no damage.
You drain Edmund.
Edmund is moderately wounded.
Edmund hits you but does no damage.
You shoot an arrow. The arrow hits Edmund!
Edmund is heavily wounded.
Edmund hits you with a +4 flail of protection.
Edmund hits you but does no damage.
You shoot an arrow. The arrow hits Edmund.
You drain Edmund.
Edmund is severely wounded.
Edmund barely misses you.
You shoot an arrow. The arrow barely misses Edmund.
Edmund barely misses you. You furiously retaliate!
You headbutt Edmund. You shoot an arrow. The arrow barely misses Edmund.
Edmund hits you with a +4 flail of protection. x2
You shoot an arrow. The arrow closely misses Edmund.
Edmund hits you with a +4 flail of protection.
You shoot an arrow. The arrow closely misses Edmund.
Edmund closely misses you.
You shoot an arrow. The arrow barely misses Edmund.
Edmund hits you with a +4 flail of protection.
You shoot an arrow.
The arrow hits Edmund but does no damage.
Edmund is severely wounded.
Edmund barely misses you. Edmund closely misses you.
You shoot an arrow. The arrow barely misses Edmund.
Edmund hits you but does no damage.
You shoot an arrow.
The arrow hits Edmund but does no damage.
Edmund is severely wounded.
Edmund barely misses you. You furiously retaliate!
You headbutt Edmund. You shoot an arrow. The arrow hits Edmund.
Edmund is severely wounded.
Edmund hits you with a +4 flail of protection!
You die...

..#........###########.##########
.##.#......#.# #..## 8.8
.............# #...###.##########
.............# #....##.##........
###..........###....#8.8#<#######
....................##.##.#
##..................# #.#
.............###....# #.#
.##..........# #@##.# ### #
###....#.......@..#
#..#...............#
...#..#..##$..=...##
.##.....##.......# .# ...
........# . ........# .#.####.##


You could see Edmund (very drained).

Vanquished Creatures
  A phantom (D:4)
  A hound (D:4)
  An orc priest (D:3)
  3 adders
  A worm (D:4)
  2 dart slugs
  4 orcs (D:3)
  5 endoplasms
  5 giant cockroaches
  A goblin (D:1)
  5 hobgoblins
  5 jackals
  4 kobolds
  2 quokkas
  8 ball pythons
  3 bats
  5 frilled lizards
  4 rats (D:1)
60 creatures vanquished.

Notes
Turn   | Place    | Note
-------+----------+-------------------------------------------
     0 | D:1      | qw the Minotaur Hexslinger began the quest for the Orb.
     0 | D:1      | Reached XP level 1. HP: 16/16 MP: 1/1
     0 | D:1      | 0 ||| qw: Version: 0.3-a-52-g30416fa
     0 | D:1      | 0 ||| qw: Game counter: 7451
     0 | D:1      | 0 ||| qw: Melee chars always use a shield: true
     0 | D:1      | 0 ||| qw: God list: Okawaru
     0 | D:1      | 0 ||| qw: Allow faded altars: false
     0 | D:1      | 0 ||| qw: Do Orc after clearing Dungeon:15 true
     0 | D:1      | 0 ||| qw: Do second Lair branch before Depths: true
     0 | D:1      | 0 ||| qw: Lair rune preference: random
     0 | D:1      | 0 ||| qw: Goals: Normal
     0 | D:1      | 0 ||| PLANNING D:1-11
    98 | D:1      | Reached skill level 3 in Ranged Weapons
    98 | D:1      | Reached XP level 2. HP: 23/23 MP: 2/2
   674 | D:1      | 674 ||| SWAPPING to +0 shortbow.
   679 | D:1      | 679 ||| DROPPING +1 sling.
   720 | D:1      | 720 ||| UPGRADING to +0 leather armour.
   730 | D:1      | 730 ||| DROPPING +0 robe.
   731 | D:1      | 731 ||| UPGRADING to +0 ring mail.
   741 | D:1      | 741 ||| DROPPING +0 leather armour.
   742 | D:1      | 742 ||| READING scroll labelled MIWIDWU NAORO.
   743 | D:1      | 743 ||| READING scroll labelled ILICES SUTAA.
   744 | D:1      | 744 ||| DRINKING 2 fuming clear potions.
   750 | D:1      | 750 ||| DROPPING scroll of poison.
   751 | D:1      | 751 ||| DROPPING potion of ambrosia.
   870 | D:2      | 870 ||| FLEEEEING.
   871 | D:2      | 871 ||| FLEEEEING.
   876 | D:2      | 876 ||| STAIRDANCE
   919 | D:2      | Reached XP level 3. HP: 29/29 MP: 3/3
  1168 | D:2      | 1168 ||| UPGRADING to +0 cloak.
  1173 | D:2      | 1173 ||| READING scroll labelled DIANWI FUMIAX.
  1177 | D:2      | 1177 ||| READING scroll labelled NIOCVE WINEHAEKKE.
  1178 | D:2      | 1178 ||| READING 2 scrolls of identify.
  1178 | D:2      | 1178 ||| IDENTIFYING gluggy blue potion
  1179 | D:2      | 1179 ||| DROPPING potion of lignification.
  1229 | D:3      | Reached skill level 4 in Ranged Weapons
  1270 | D:3      | Reached skill level 1 in Armour
  1360 | D:3      | HP: 2/29 [orc priest/divine providence (14)]
  1362 | D:3      | Reached XP level 4. HP: 3/36 MP: 4/4
  1787 | D:3      | Identified the +6 mace "Gaudwef" {flame, *Noise +Blink
                  | Dex+2}
  1815 | D:3      | Found Eryziuv's Antique Weapon Shoppe.
  1824 | D:3      | 1824 ||| BUYING iridescent shortbow (152 gold).
  1824 | D:3      | Bought an iridescent shortbow for 152 gold pieces
  1824 | D:3      | Identified the +3 shortbow of the Writhing Saviour {drain,
                  | Dex+4 SInv} (You bought it in a shop on level 3 of the
                  | Dungeon)
  1824 | D:3      | 1824 ||| SWAPPING to +3 shortbow of the Writhing Saviour
                  | {drain, Dex+4 SInv}.
  1825 | D:3      | 1825 ||| DROPPING +0 shortbow.
  1963 | D:3      | 1963 ||| READING scroll labelled QANYUNAFUMY.
  1964 | D:3      | 1964 ||| READING scroll labelled BUWNUSHR NYPUSIPN.
  1965 | D:3      | 1965 ||| READING 2 scrolls of identify.
  1965 | D:3      | 1965 ||| IDENTIFYING brown potion
  2085 | D:4      | Reached skill level 5 in Ranged Weapons
  2085 | D:4      | Reached XP level 5. HP: 41/41 MP: 5/5
  2181 | D:4      | Found a snail-covered altar of Cheibriados.
  2252 | D:4      | Noticed a phantom
  2261 | D:4      | Killed a phantom
  2274 | D:4      | Noticed Edmund
  2288 | D:4      | HP: 7/46 [Edmund/+4 flail of protection (5)]
  2294 | D:4      | Slain by Edmund

Levels and vault maps discovered:
D:1:      giann_wishing_wells, layout_basic, dk_noncrumbling_4,
          nicolae_figureground_sparkle
D:2:      layout_rooms
D:3:      layout_loops_ring, serial_shops, shop
D:4:      layout_rooms, amcnicky_altar_gilded, kennysheep_slug_shrine,
          nicolae_elyvilon_temple_path,
          hangedman_abyss_or_decor_jellyfish_corner, dk_noncrumbling_2,
          grunt_ministairs_1, uniq_blork_the_orc, uniq_edmund

Skill      XL: |  1  2  3  4  5 |
---------------+----------------+-----
Ranged Weapons | 3 4 5 |  5.3
Fighting       | 2 4 |  4.1
Armour         | 1 |  1.1
Dodging        | |  2.1
Spellcasting   | |  1.0
Hexes          | |  2.0

Action                     |  1- 3 |  4- 6 || total
---------------------------+-------+-------++-------
   Fire: Sling             |    39 |       ||    39
         Shortbow          |    56 |    72 ||   128
    Use: Scroll            |     5 |     3 ||     8
         Potion            |     1 |       ||     1
 Armour: Ring mail         |     7 |     7 ||    14
  Dodge: Dodged            |    19 |    12 ||    31

Table legend:
 A = Non-vault XP
 B = Vault XP
 C = Vault XP percentage of total XP
 D = Non-vault monster count
 E = Vault monster count
 F = Vault count percentage of total count
                 A         B        C        D         E       F
            +---------+---------+-------+---------+---------+-------
      Total |     328 |       7 |   2.1 |      57 |       3 |   5.0
            +---------+---------+-------+---------+---------+-------
        D:1 |      34 |       0 |   0.0 |      22 |       0 |   0.0
        D:2 |      14 |       0 |   0.0 |       7 |       0 |   0.0
        D:3 |      99 |       0 |   0.0 |      16 |       0 |   0.0
        D:4 |     181 |       7 |   3.7 |      12 |       3 |  20.0
            +---------+---------+-------+---------+---------+-------
